 Dungeon Crawl Stone Soup version 0.19.5 (webtiles) character file.

3565 vatarom the Zephyrmancer (level 10, -1/63 HPs)
             Began as a Tengu Air Elementalist on Mar 9, 2017.
             Was a Follower of Sif Muna.
             Killed by their own static electricity (3 damage)
             ... on level 8 of the Dungeon.
             The game lasted 00:22:28 (10769 turns).

vatarom the Zephyrmancer (Tengu Air Elementalist)  Turns: 10769, Time: 00:22:29

Health: -1/63      AC:  7    Str:  8    XL:     10   Next: 9%
Magic:  4/20       EV: 13    Int: 24    God:    Sif Muna [*.....]
Gold:   532        SH:  0    Dex: 15    Spells: 6 memorised, 4 levels left

rFire  . . .     SeeInvis .     g - +0 flail (crush)
rCold  . . .     Gourm    .     a - +2 robe
rNeg   . . .     Faith    +     (no shield)
rPois  .         Spirit   .     (helmet restricted)
rElec  .         Reflect  .     (no cloak)
rCorr  .         Harm     .     p - +0 pair of gloves
MR     .....                    (boots unavailable)
Stlth  +.........               t - amulet of faith
                                c - ring of loudness (curse)
                                s - +5 ring of intelligence

@: sluggish, repel missiles, very slow
A: beak, talons 3, iridescent scales 1, able to fly 1
a: Fly, Divine Energy, Renounce Religion


You were on level 8 of the Dungeon.
You worshipped Sif Muna.
Sif Muna was aware of your devotion.
You were very hungry.

You visited 2 branches of the dungeon, and saw 9 of its levels.
You also visited: Sewer.

You collected 532 gold pieces.

Inventory:

Hand Weapons
 g - a +0 flail of crushing (weapon)
 h - a +1 falchion
 o - a +1 hand axe of flaming
Armour
 a - a +2 robe (worn)
 p - a +0 pair of gloves (worn)
Magical Staves
 r - an uncursed staff of wizardry
Jewellery
 c - a cursed ring of loudness (right hand)
 d - a +1 ring of protection
 s - a +5 ring of intelligence (left hand)
 t - an amulet of faith (around neck)
Wands
 j - a wand of teleportation (3/9)
 l - a wand of iceblast (11/15)
Scrolls
 e - 6 scrolls of remove curse
 f - a scroll of fear
 i - a scroll of enchant weapon
 n - a scroll of fog
 q - a scroll of enchant armour
 v - a scroll of recharging
Potions
 m - a potion of might
Books
 b - a book of Air

   Spells                             Type                      Level
   a - Shock                          Conjuration/Air              1
   b - Swiftness                      Charms/Air                   2
   c - Repel Missiles                 Charms/Air                   2
   d - Static Discharge               Conjuration/Air              3
   e - Lightning Bolt                 Conjuration/Air              5
 k - a book of Callings

   Spells                             Type                      Level
   a - Summon Small Mammal            Summoning                    1
   b - Call Imp                       Summoning                    2
   c - Call Canine Familiar           Summoning                    3
   d - Summon Guardian Golem          Hexes/Summoning              3
   e - Summon Lightning Spire         Summoning/Air                4
   f - Summon Ice Beast               Ice/Summoning                4


   Skills:
 - Level 7.0 Fighting
 - Level 2.1 Dodging
 - Level 2.0 Stealth
 - Level 6.1 Spellcasting
 - Level 8.1 Conjurations
 + Level 11.4 Air Magic


You had 4 spell levels left.
You knew the following spells:

 Your Spells              Type           Power        Failure   Level  Hunger
a - Shock                 Conj/Air       ####         1%          1    None
b - Repel Missiles        Chrm/Air       ####..       1%          2    None
c - Swiftness             Chrm/Air       ####....     1%          2    None
d - Static Discharge      Conj/Air       ######..     1%          3    #......
e - Summon Lightning Spi  Summ/Air       ####....     10%         4    ###....
f - Lightning Bolt        Conj/Air       ######....   4%          5    #####..


Dungeon Overview and Level Annotations

Branches:
Dungeon (8/15)             Temple (1/1) D:7
   Lair: D:8-11

Altars:
Ashenzari
Cheibriados
Dithmenos
Gozag
Kikubaaqudgha
Makhleb
Nemelex Xobeh
Okawaru
Ru
Sif Muna
Trog
Uskayaw
Vehumet
Xom
Yredelemnul
Zin
The Shining One

Shops:
D:5 (   D:6 !=}}(

Annotations:
D:2 1 runed door


Innate Abilities, Weirdness & Mutations

You have a beak for a mouth.
You have claws for feet.
You can fly.
You are partially covered in iridescent scales. (AC +2)


Message History

The hippogriff misses you.
The hippogriff claws you but does no damage.
The phantom blinks!
Casting: Static Discharge
Confirm with . or Enter, or press ? or * to list all spells.
The hippogriff is struck by lightning.
The hippogriff is severely wounded.
The lightning grounds out.
The hippogriff bites you but does no damage.
The hippogriff pecks you.
* * * LOW HITPOINT WARNING * * *
The hippogriff claws you.
* * * LOW HITPOINT WARNING * * *
Casting: Static Discharge
Confirm with . or Enter, or press ? or * to list all spells.
The hippogriff is struck by lightning.
You kill the hippogriff!
Sif Muna accepts your kill.
The lightning arcs!
You are struck by lightning.
You die...

... ..#...........# ..#.
#..!........#.#
###.#.##...........#.#
..#.#.##..(........#.#
..#.#.##...........#.#
..#.#.##....#....#.#.#
..#.#.##.#..#....#.#.#
..#.#.##.#..#....#.#.#
..).#.(..#..#...@#.#.# ######.#
..)...(..##.#.#†##.#.####...##.#
..)<.....##........#......#.##.#
.........##.....###########.##.#
.........'W....)###########.##.#
.........##..................#.#
.........##........####..#####.#
#####....##........###.........##
.........##........##..##...##..#


You could see a phantom.

Vanquished Creatures
  Grinder (D:6)
  A hornet (D:7)
  A hippogriff (D:8)
  A wyvern (D:8)
  A black bear (D:6)
  2 orc warriors
  An ice beast (D:7)
  2 necrophages
  4 centaurs
  A crocodile (D:7)
  3 ogres
  6 bullfrogs
  2 scorpions
  A howler monkey (D:5)
  A bullfrog zombie (D:6)
  2 crimson imps (D:7)
  A jelly (D:6)
  A bullfrog skeleton (D:6)
  4 orc priests
  A centaur skeleton (D:6)
  A quasit (D:8)
  3 hounds
  4 orc wizards
  2 iguanas
  Ijyb (D:2)
  4 worker ants
  2 hound skeletons (D:6)
  A howler monkey zombie (D:6)
  3 gnolls (D:8)
  5 adders
  A river rat (D:3)
  3 shadow imps
  An ooze (D:1)
  3 dart slugs
  10 leopard geckos
  17 orcs
  7 giant cockroaches
  11 goblins
  6 hobgoblins
  12 jackals
  6 quokkas
  A ball python (D:3)
  15 bats
  10 frilled lizards
  A goblin skeleton (D:2)
  8 kobolds
  A leopard gecko zombie (D:6)
  A quokka zombie (D:6)
  7 rats
184 creatures vanquished.

Vanquished Creatures (collateral kills)
  A hippogriff (D:7)
  A gnoll shaman (D:8)
2 creatures vanquished.

Grand Total: 186 creatures vanquished

Notes
Turn   | Place    | Note
-------+----------+-------------------------------------------
     0 | D:1      | vatarom the Tengu Air Elementalist began the quest for the Orb.
     0 | D:1      | Reached XP level 1. HP: 10/10 MP: 4/4
     6 | D:1      | Noticed a black bear
     6 | D:1      | Noticed a five-headed hydra
     7 | D:1      | Noticed a worker ant
   193 | D:1      | Reached XP level 2. HP: 10/15 MP: 0/6
   449 | D:1      | Reached skill level 5 in Air Magic
   625 | D:1      | Reached XP level 3. HP: 14/19 MP: 2/7
   752 | D:1      | Learned a level 2 spell: Repel Missiles
   755 | D:1      | Learned a level 2 spell: Swiftness
  1012 | D:1      | Found an iron altar of Okawaru.
  1019 | D:1      | Reached skill level 6 in Air Magic
  1408 | D:2      | Found a runed door.
  1408 | D:2      | Noticed a human
  1419 | D:2      | Found a basalt altar of Yredelemnul.
  1431 | D:2      | Noticed a hand axe
  1431 | D:2      | Noticed a hand axe
  1437 | D:2      | Found a hide-covered altar of Uskayaw.
  1444 | D:2      | Reached XP level 4. HP: 23/24 MP: 8/8
  2217 | D:2      | Noticed Ijyb
  2229 | D:2      | Killed Ijyb
  2229 | D:2      | Reached skill level 7 in Air Magic
  2413 | D:3      | Gained mutation: You can fly. [Tengu growth]
  2413 | D:3      | Reached XP level 5. HP: 28/28 MP: 9/9
  2536 | D:3      | Reached skill level 8 in Air Magic
  2746 | D:3      | Learned a level 3 spell: Static Discharge
  2960 | D:3      | Found a glowing drain.
  2965 | Sewer    | Entered a sewer
  3070 | Sewer    | Noticed Purgy
  3574 | D:4      | Reached XP level 6. HP: 32/32 MP: 10/10
  3661 | D:4      | Reached skill level 9 in Air Magic
  3777 | D:4      | Found an opulent altar of Gozag.
  3780 | D:4      | Found a burning altar of Makhleb.
  3783 | D:4      | Found a sparkling altar of Nemelex Xobeh.
  3932 | D:4      | Reached skill level 10 in Air Magic
  3932 | D:4      | Reached XP level 7. HP: 22/36 MP: 0/11
  4325 | D:5      | Entered Level 5 of the Dungeon
  4476 | D:5      | Gained mutation: You are partially covered in iridescent scales. (AC +2) [potion of beneficial mutation]
  4748 | D:5      | Found Virepiw's Weapon Shop.
  5012 | D:5      | Reached skill level 5 in Conjurations
  5135 | D:5      | Found a shattered altar of Ashenzari.
  5772 | D:6      | Found Urenaac's Distillery.
  5805 | D:6      | Reached XP level 8. HP: 33/41 MP: 2/12
  5995 | D:6      | Found Vuot's Jewellery Shop.
  6083 | D:6      | Noticed Grinder
  6098 | D:6      | Paralysed by Grinder for 5 turns
  6108 | D:6      | Paralysed by Grinder for 2 turns
  6674 | D:6      | Found Abannile's Gadget Shoppe.
  6769 | D:6      | Reached skill level 1 in Fighting
  7059 | D:6      | Found Donudot's Gadget Shop.
  7609 | D:6      | Killed Grinder
  7802 | D:6      | Reached skill level 5 in Fighting
  8031 | D:6      | Found Fakk's Antique Weapon Boutique.
  8294 | D:6      | Reached XP level 9. HP: 52/55 MP: 3/13
  9027 | D:7      | Found a staircase to the Ecumenical Temple.
  9040 | Temple   | Entered the Ecumenical Temple
  9054 | Temple   | Became a worshipper of Sif Muna the Loreminder
  9078 | D:7      | Noticed a hornet
  9085 | D:7      | Paralysed by a hornet for 3 turns
  9089 | D:7      | Killed a hornet
  9432 | D:7      | Reached skill level 5 in Spellcasting
  9436 | D:7      | Reached * piety under Sif Muna
  9554 | D:7      | Found a shimmering altar of Xom.
  9753 | D:7      | Learned a level 4 spell: Summon Lightning Spire
  9784 | D:7      | Learned a level 5 spell: Lightning Bolt
 10643 | D:8      | Found a sparkling altar of Nemelex Xobeh.
 10665 | D:8      | Reached XP level 10. HP: 57/63 MP: 10/20
 10687 | D:8      | Reached skill level 11 in Air Magic
 10768 | D:8      | HP: 3/63 [hippogriff (2)]
 10769 | D:8      | Killed from afar by themself

Skill      XL: |  1  2  3  4  5  6  7  8  9 10 |
---------------+-------------------------------+-----
Air Magic      | 5 6 7 8 10 11 | 11.4
Conjurations   | 6 8 |  8.1
Fighting       | 6 7 |  7.0
Spellcasting   | 6 |  6.1
Dodging        | |  2.1
Stealth        | |  2.0

Action                   |  1- 3 |  4- 6 |  7- 9 | 10-12 || total
-------------------------+-------+-------+-------+-------++-------
Melee: Unarmed           |    28 |       |       |       ||    28
       Kick              |    10 |    18 |    37 |     2 ||    67
       Peck              |     5 |    10 |    28 |     6 ||    49
       Falchion          |    23 |    90 |    88 |       ||   201
       Mace              |     1 |       |       |       ||     1
       Flail             |       |       |    17 |    15 ||    32
       Staff             |       |       |     3 |     6 ||     9
       Hand axe          |       |       |     2 |       ||     2
 Cast: Shock             |    57 |    49 |    80 |       ||   186
       Static Discharge  |       |    10 |    84 |     8 ||   102
       Repel Missiles    |       |       |     1 |       ||     1
       Swiftness         |       |       |     3 |     1 ||     4
       Summon Lightning  |       |       |     3 |       ||     3
 Abil: Fly               |       |     1 |       |       ||     1
Evoke: Wand              |       |     1 |       |       ||     1
  Use: Scroll            |     3 |     9 |     6 |       ||    18
       Potion            |     1 |     2 |     6 |       ||     9
 Stab: Sleeping          |     3 |     3 |       |       ||     6
       Distracted        |       |     1 |       |       ||     1
  Eat: Chunk             |     2 |     2 |    10 |       ||    14
       Bread ration      |     1 |     1 |     2 |       ||     4
       Meat ration       |       |       |     2 |       ||     2
Armor: Robe              |    18 |    59 |    89 |    15 ||   181
Dodge: Dodged            |    67 |   121 |   156 |    17 ||   361
       Deflected         |       |       |     4 |       ||     4
       Rpst.: Falchion   |    10 |    29 |    37 |       ||    76
